 Dungeon Crawl Stone Soup version 0.27-a0-1319-geec4fb4e21 (webtiles) character file.

Game seed: 11454469755824024343

2527 Alarak the Fighter (level 9, -3/86 HPs)
             Began as a Minotaur Berserker on June 22, 2021.
             Was a Priest of Trog.
             Slain by a sun demon (4 damage)
             ... summoned by a kobold demonologist
             ... on level 7 of the Dungeon.
             The game lasted 00:11:30 (5660 turns).

Alarak the Fighter (Minotaur Berserker)             Turns: 5660, Time: 00:11:31

Health: -3/86      AC: 18    Str: 25    XL:     9   Next: 29%
Magic:  0/8        EV:  8    Int:  4    God:    Trog [***...]
Gold:   233        SH:  0    Dex: 10    Spells: 8/8 levels left

rFire    + . .     SeeInvis .   p - +4 quarterstaff (chaos)
rCold    x . .     Faith    .   (shield currently unavailable)
rNeg     . . .     Spirit   +   b - +0 plate armour
rPois    .         Reflect  .   (helmet restricted)
rElec    .         Harm     .   u - +1 cloak {Stlth+}
rCorr    .         Rampage  .   e - +0 pair of gloves
Will     ++...                  (no boots)
Stlth    ..........             q - amulet of guardian spirit
HPRegen  1.24/turn              t - ring of fire
MPRegen  0.11/turn              (no ring)

@: brilliant, strong-willed, on berserk cooldown, regenerating, slowed, very
slow
A: horns 2, retaliatory headbutt
a: Renounce Religion, Berserk, Trog's Hand


You were on level 7 of the Dungeon.
You worshipped Trog.
Trog was most pleased with you.
You visited 1 branch of the dungeon, and saw 7 of its levels.
You also visited: Sewer.

You collected 233 gold pieces.

Inventory:

Hand Weapons
 l - a +0 hunting sling of freezing
 p - a +4 quarterstaff of chaos (weapon)
 r - a +3 mace of holy wrath
 w - a +3 short sword of venom
Missiles
 g - a throwing net
 j - 6 curare-tipped darts
Armour
 b - a +0 plate armour (worn)
 e - a +0 pair of gloves (worn)
 u - a +1 cloak of stealth (worn)
Jewellery
 m - an amulet of magic regeneration
 q - an amulet of guardian spirit (around neck)
 t - a ring of fire (left hand)
Scrolls
 c - 5 scrolls of identify {unknown}
 n - a scroll of noise {unknown}
 o - 3 scrolls of teleportation {unknown}
 s - 3 scrolls of fear {unknown}
Potions
 a - a potion of brilliance
 d - 3 potions of curing {unknown}
 f - 2 potions of heal wounds {unknown}
 h - a potion of resistance {unknown}
 i - 5 potions of haste {unknown}
 k - 3 potions of flight {unknown}
 v - a potion of invisibility {unknown}


   Skills:
 + Level 10.5 Fighting
 - Level 6.8 Long Blades
 - Level 10.0 Armour
 - Level 2.2 Dodging


You had 8 spell levels left.
You didn't know any spells.
Your spell library was empty.

Dungeon Overview and Level Annotations

Branches:
Dungeon (7/15)             Temple (0/1) D:7           Sewer (visited)

Altars:
Makhleb

Shops:
D:5 *


Innate Abilities, Weirdness & Mutations

You have a pair of horns on your head.
You reflexively headbutt those who attack you in melee.


Message History

The hellwing barely misses you. The kobold barely misses you.
You hit the hellwing but do no damage.
The hellwing is lightly wounded.
The hellwing barely misses you.
The hellwing hits you but does no damage.
The kobold hits you but does no damage.
The kobold demonologist casts a spell.
The hellwing hits you but does no damage. x2
The kobold hits you but does no damage.
Your skin crawls.
You feel strong-willed.
You can no longer call in reinforcements.
The hellwing hits you! The hellwing barely misses you.
You closely miss the hellwing. Your headbutt misses the hellwing.
The sun demon closely misses you. The hellwing barely misses you. x2
The kobold demonologist mumbles some strange words.
The sun demon barely misses you. The hellwing hits you.
The hellwing hits you but does no damage.
You miss the hellwing. You headbutt the hellwing!
The hellwing is lightly wounded.
The sun demon hits you!
You are engulfed in flames.
You resist. The hellwing barely misses you. The hellwing closely misses you.
The kobold demonologist looks encouraged for a moment.
The sun demon hits you but does no damage.
The iron imp shouts, "Slither hence, thou hateful motley-minded lout!"
The hellwing hits you but does no damage. x2
The kobold demonologist looks satisfied for a moment.
The sun demon hits you!
You are engulfed in flames!
You resist.
* * * LOW HITPOINT WARNING * * *
The orc priest invokes the aid of Beogh against you.
Beogh smites you!
* * * LOW HITPOINT WARNING * * *
It was a potion of brilliance.
You feel clever all of a sudden. The hellwing hits you!
* * * LOW HITPOINT WARNING * * *
The hellwing hits you.
* * * LOW HITPOINT WARNING * * *
The sun demon hits you.
You die...

##..#.###.......##
#.#.#.##.# ##.#.#
##.....##
#.###.##.# #.#.#
##...## #........#
..# ##+##
#####.#### ### #.#
#.# ## #.#
##..K##### #.#
#..5KK3@)# #.#
#..4o###4######.#
.#. #!.......#
##########


You could see a sun demon (summoned), a hellwing (summoned, agile), a kobold
demonologist, a red devil (summoned), an iron imp (summoned), an orc priest and
2 kobolds.

Vanquished Creatures
  Joseph (D:7)
  2 steam dragons (D:7)
  2 water moccasins
  Duvessa (D:6)
  An ice beast (D:7)
  An orc warrior (D:7)
  A necrophage (D:5)
  3 ogres
  A phantom (D:2)
  3 kobold brigands
  A bullfrog (D:7)
  A water moccasin zombie (D:6)
  2 wyvern zombies
  Dowan (D:6)
  A scorpion (D:5)
  A hound (D:6)
  3 jellies
  An orc priest (D:6)
  Crazy Yiuf (D:4)
  A centaur skeleton (D:4)
  2 iguanas
  An orc wizard (D:7)
  5 adders
  A river rat (Sewer)
  A shadow imp (D:7)
  A white imp (D:5)
  2 ufetubi
  An adder skeleton (D:4)
  2 worms (D:3)
  3 dart slugs
  9 orcs
  5 endoplasms
  4 giant cockroaches
  8 goblins
  A hobgoblin (D:2)
  8 jackals
  8 kobolds
  2 quokkas
  7 ball pythons
  7 bats
  5 frilled lizards
  12 rats
124 creatures vanquished.

Notes
Turn   | Place    | Note
-------+----------+-------------------------------------------
     0 | D:1      | Alarak the Minotaur Berserker began the quest for the Orb.
     0 | D:1      | Reached XP level 1. HP: 19/19 MP: 0/0
   105 | D:1      | Reached XP level 2. HP: 26/27 MP: 1/1
   659 | D:2      | Reached skill level 5 in Long Blades
   667 | D:2      | Reached XP level 3. HP: 31/33 MP: 2/2
   703 | D:2      | Reached ** piety under Trog
   890 | D:2      | Noticed a phantom
   903 | D:2      | Killed a phantom
   904 | D:2      | Reached XP level 4. HP: 26/40 MP: 3/3
  1338 | D:3      | Reached XP level 5. HP: 46/46 MP: 4/4
  1749 | D:3      | Found a glowing drain.
  1758 | Sewer    | Entered a sewer
  1825 | Sewer    | Reached *** piety under Trog
  1826 | Sewer    | Reached skill level 5 in Fighting
  1916 | Sewer    | Found a white marble altar of Elyvilon.
  2451 | D:4      | Reached XP level 6. HP: 55/57 MP: 5/5
  2612 | D:4      | Found a runed translucent door.
  2613 | D:4      | Noticed Crazy Yiuf
  2692 | D:4      | Found a burning altar of Makhleb.
  3028 | D:4      | Killed Crazy Yiuf
  3083 | D:5      | Entered Level 5 of the Dungeon
  3179 | D:5      | Noticed a water moccasin
  3185 | D:5      | Killed a water moccasin
  3186 | D:5      | Reached XP level 7. HP: 66/67 MP: 6/6
  3933 | D:5      | Found Ruexijao's CLEARANCE SALE! EVERYTHING MUST GO!.
  4271 | D:6      | Noticed Dowan
  4272 | D:6      | Noticed Duvessa
  4285 | D:6      | Killed Duvessa
  4286 | D:6      | Reached skill level 5 in Armour
  4286 | D:6      | Reached XP level 8. HP: 78/78 MP: 7/7
  4287 | D:6      | Killed Dowan
  5362 | D:7      | Found a staircase to the Ecumenical Temple.
  5370 | D:7      | Noticed Joseph
  5389 | D:7      | Killed Joseph
  5390 | D:7      | Reached skill level 10 in Armour
  5390 | D:7      | Reached XP level 9. HP: 83/83 MP: 4/8
  5638 | D:7      | Noticed a kobold demonologist
  5643 | D:7      | Reached skill level 10 in Fighting
  5650 | D:7      | Noticed a hellwing
  5653 | D:7      | Noticed a sun demon
  5653 | D:7      | Reached **** piety under Trog
  5659 | D:7      | Noticed a red devil
  5660 | D:7      | HP: 2/86 [hellwing[a kobold demonologist] (11)]
  5660 | D:7      | Slain by a sun demon

Illustrated notes

Levels and vault maps discovered:
D:1:      psy_arrival_fountain, layout_basic, minmay_misc_feat_five,
          minmay_tall_x
D:2:      layout_basic
D:3:      layout_basic, cheibrodos_sewer_entry_bend, grunt_decor_resistance
D:4:      layout_rooms, general_overflow_altar, minivault_26,
          uniq_crazy_yiuf_cottage
D:5:      layout_loops_ring, nicolae_shop_clearance
D:6:      layout_basic, uniq_duvessa
D:7:      layout_loops_corners, minmay_temple_entry_arrows, uniq_joseph

Skill      XL: |  1  2  3  4  5  6  7  8  9 |
---------------+----------------------------+-----
Long Blades    | 4 5 6 |  6.8
Fighting       | 5 7 9 10 | 10.5
Armour         | 5 10 | 10.0
Dodging        | |  2.2

Action                   |  1- 3 |  4- 6 |  7- 9 || total
-------------------------+-------+-------+-------++-------
Melee: Falchion          |    73 |     6 |       ||    79
       Headbutt          |    10 |    17 |    22 ||    49
       Hand axe          |       |   106 |       ||   106
       Quarterstaff      |       |     5 |   107 ||   112
Invok: Berserk           |       |     4 |     9 ||    13
       Trog's Hand       |       |       |     1 ||     1
  Use: Potion            |       |       |     1 ||     1
 Stab: Paralysed         |       |     2 |       ||     2
Armor: Chain mail        |    31 |       |       ||    31
       Animal skin       |     1 |       |       ||     1
       Plate armour      |    16 |    71 |    91 ||   178
Dodge: Dodged            |    25 |    42 |    44 ||   111
       Rpst.: Falchion   |     3 |     1 |       ||     4

Table legend: (Time is in decaauts)
 A = Elapsed time spent in this place.
 B = Non-inter-level travel time spent in this place.
 C = Inter-level travel time spent in this place.
 D = Time resting spent in this place.
 E = Time spent auto-exploring this place.
 F = Levels seen in this place.
 G = Mean time per level.
                   A        B        C        D        E       F      G
               +--------+--------+--------+--------+--------+-----+--------+
         Total |   5866 |   5674 |    192 |   1052 |   3872 |   8 |  733.2 |
       Dungeon |   5630 |   5438 |    192 |   1024 |   3725 |   7 |  804.3 |
         Sewer |    236 |    236 |      0 |     28 |    147 |   1 |  236.0 |
               +--------+--------+--------+--------+--------+-----+--------+

Top non-repeatable levels by time:
     D:5: 1013 daAuts
     D:7: 946 daAuts
     D:3: 841 daAuts
     D:4: 761 daAuts
     D:6: 730 daAuts
     D:2: 676 daAuts
     D:1: 660 daAuts
   Sewer: 236 daAuts
